 Dungeon Crawl Stone Soup version 0.18.1-48-g4cf74bf (webtiles) character file.

151 Inkary the Insei (level 5, -5/47 HPs)
             Began as a Hill Orc Monk on Sept 10, 2016.
             Killed by divine providence
             ... invoked by an orc priest
              (12 damage)
             ... on level 3 of the Dungeon.
             The game lasted 00:07:59 (2813 turns).

Inkary the Insei (Hill Orc Monk)                    Turns: 2813, Time: 00:07:59

Health: -5/47      AC:  3    Str: 14    XL:     5   Next: 33%
Magic:  5/5        EV: 13    Int: 10    God:
Gold:   114        SH:  0    Dex: 14    Spells: 0 memorised, 4 levels left

rFire  . . .     SeeInvis .       - Unarmed
rCold  . . .     Gourm    .     a - +0 robe
rNeg   . . .     Faith    .     (no shield)
rPois  .         Spirit   .     o - +0 helmet
rElec  .         Dismiss  .     (no cloak)
rCorr  .         Reflect  .     (no gloves)
SustAt .         Harm     .     (no boots)
MR     .....                    (no amulet)
Stlth  ++........               (no ring)
                                (no ring)

@: not resistant to hostile enchantments, unstealthy
A: no striking features
a: Convert to Beogh


You were on level 3 of the Dungeon.
You were not hungry.

You visited 1 branch of the dungeon, and saw 3 of its levels.

You collected 114 gold pieces.

Inventory:

Armour
 a - a +0 robe (worn)
 o - a +0 helmet (worn)
Scrolls
 d - 2 scrolls of teleportation {unknown}
 e - a scroll of fog {unknown}
 f - a scroll of amnesia {unknown}
 j - a scroll of identify {unknown}
 m - a scroll of blinking {unknown}
 n - a scroll of magic mapping {unknown}
 p - a scroll of recharging {unknown}
Potions
 h - 3 potions of mutation {unknown}
 i - 2 potions of curing {unknown}
 l - a potion of flight {unknown}
Comestibles
 b - 3 bread rations
 g - a meat ration
 k - a beef jerky


   Skills:
 + Level 4.7 Fighting
 - Level 2.4 Dodging
 - Level 1.5 Stealth
 * Level 6.4 Unarmed Combat


You had 4 spell levels left.
You didn't know any spells.

Dungeon Overview and Level Annotations

Branches:
Dungeon (3/15)

Altars:
Ashenzari

Annotations:
D:3 junkhipster's ghost, amateur DsFi


Message History

You hit the orc priest but do no damage.
The orc priest is moderately wounded.
The orc priest invokes the aid of Beogh against you.
Pain shoots through your body!
* * * LOW HITPOINT WARNING * * *
You closely miss the orc priest.
The orc priest is moderately wounded.
The orc priest hits you with an enchanted dagger.
* * * LOW HITPOINT WARNING * * *
You barely miss the orc priest.
The orc priest shouts, "Surrender to Beogh and we'll let you live!"
The orc priest is moderately wounded.
The orc priest shouts, "Surrender to Beogh and we'll let you live!"
The orc priest hits you but does no damage.
You hit the orc priest.
The orc priest is heavily wounded.
The orc priest shouts, "Surrender to Beogh and we'll let you live!"
The orc priest mumbles some strange prayers to Beogh against you.
Beogh smites you!
You die...

......# #.
#.#...... .....#
#.##)#...... ....#
#..#.#.#)#..
...#####.#.#.#.###
#..............#
#.#######..#.#.###
#o#...............
#o#.#####..###.#).
#@#..........#.#..
#.########.#.#.# .
#.# #...#.# # #.#
##..#.# #.# #..#.#
#.#########..#.#
#............#.#
############...#
##..#


You could see 2 orc priests.

Vanquished Creatures
  An orc priest (D:3)
  4 gnolls
  2 adders (D:2)
  2 worms (D:2)
  2 giant geckos (D:1)
  6 orcs (D:3)
  A giant cockroach (D:3)
  4 goblins
  2 hobgoblins (D:1)
  3 jackals (D:2)
  10 kobolds
  2 quokkas (D:2)
  7 bats
  4 giant newts
  5 rats
55 creatures vanquished.

Notes
Turn   | Place    | Note
--------------------------------------------------------------
     0 | D:1      | Inkary the Hill Orc Monk began the quest for the Orb.
     0 | D:1      | Reached XP level 1. HP: 19/19 MP: 1/1
   424 | D:1      | Reached XP level 2. HP: 18/27 MP: 2/2
   522 | D:1      | Reached skill level 5 in Unarmed Combat
   947 | D:2      | Reached XP level 3. HP: 23/33 MP: 3/3
  1074 | D:2      | Found a shattered altar of Ashenzari.
  1350 | D:2      | Found a faded altar to an unknown god.
  1365 | D:2      | Reached XP level 4. HP: 10/40 MP: 4/4
  1802 | D:1      | HP: 1/40 [gnoll (9)]
  2113 | D:2      | Reached skill level 6 in Unarmed Combat
  2504 | D:3      | Reached XP level 5. HP: 18/47 MP: 5/5
  2629 | D:3      | Noticed junkhipster's ghost (amateur DsFi)
  2813 | D:3      | Killed from afar by an orc priest

Skill      XL: |  1  2  3  4 |
---------------+-------------+-----
Unarmed Combat | 5 6 |  6.4
Fighting       | 4 |  4.7
Dodging        | |  2.4
Stealth        | |  1.5

Action                   |  1- 3 |  4- 6 || total
-------------------------+-------+-------++-------
Melee: Unarmed           |   125 |   109 ||   234
       Punch             |     4 |     2 ||     6
 Stab: Sleeping          |     4 |     1 ||     5
       Distracted        |       |     1 ||     1
  Eat: Chunk             |     1 |     5 ||     6
Armor: Robe              |    26 |    11 ||    37
Dodge: Dodged            |   106 |    53 ||   159
